 Dungeon Crawl Stone Soup version 0.19.1 (webtiles) character file.

1099 esteth the Magician (level 8, -11/54 HPs)
             Began as a Demonspawn Venom Mage on Dec 11, 2016.
             Was an Initiate of Vehumet.
             Mangled by Menkaure (19 damage)
             ... on level 6 of the Dungeon.
             The game lasted 00:43:01 (7351 turns).

esteth the Magician (Demonspawn Venom Mage)         Turns: 7351, Time: 00:43:01

Health: -11/54     AC:  6    Str:  9    XL:     8   Next: 10%
Magic:  11/17      EV: 12    Int: 18    God:    Vehumet [......]
Gold:   328        SH:  0    Dex: 14    Spells: 3 memorised, 12 levels left

rFire  . . .     SeeInvis .     k - +4 quarterstaff (chaos)
rCold  . . .     Gourm    .     a - +0 robe
rNeg   . . .     Faith    .     (shield currently unavailable)
rPois  .         Spirit   .     (no helmet)
rElec  .         Reflect  .     r - +1 cloak
rCorr  .         Harm     .     (no gloves)
MR     .....                    (no boots)
Stlth  ++........               (no amulet)
                                (no ring)
                                (no ring)

@: no status effects
A: hooves 1, rugged brown scales 2, demonic guardian 1
a: Renounce Religion


You were on level 6 of the Dungeon.
You worshipped Vehumet.
Vehumet was noncommittal.
You were very hungry.

You visited 2 branches of the dungeon, and saw 7 of its levels.

You collected 328 gold pieces.

Inventory:

Hand Weapons
 k - a +4 quarterstaff of chaos (weapon)
 o - a +1 trident
 D - a +0 shortbow
Missiles
 E - 50 arrows
Armour
 a - a +0 robe (worn)
 m - a +0 cloak
 r - a +1 cloak (worn)
Jewellery
 d - an uncursed amulet of magic regeneration
 n - an uncursed ring of see invisible
 p - an uncursed amulet of harm
Wands
 u - a wand of disintegration (12/24)
 x - a wand of enslavement (16/24)
 F - a wand of polymorph (6/24)
 H - a wand of heal wounds (4/9)
Scrolls
 e - 12 scrolls of identify
 g - 4 scrolls of teleportation
 w - a scroll of remove curse
 y - a scroll of noise {unknown}
 A - 2 scrolls of magic mapping
 C - a scroll of fear {unknown}
Potions
 f - a potion of degeneration {unknown}
 i - a potion of agility {unknown}
 l - 2 potions of mutation {unknown}
 q - a potion of haste {unknown}
 s - 2 potions of lignification {unknown}
 t - a potion of berserk rage {unknown}
 v - 2 potions of might {unknown}
 z - a potion of brilliance {unknown}
 B - a potion of heal wounds {unknown}
Books
 b - a Young Poisoner's Handbook

   Spells                             Type                      Level
   a - Sting                          Conjuration/Poison           1
   b - Mephitic Cloud                 Conjuration/Poison/Air       3
   c - Olgreb's Toxic Radiance        Poison                       4
   d - Alistair's Intoxication        Transmutation/Poison         5
   e - Venom Bolt                     Conjuration/Poison           5
 G - a book of Minor Magic

   Spells                             Type                      Level
   a - Magic Dart                     Conjuration                  1
   b - Blink                          Translocation                2
   c - Call Imp                       Summoning                    2
   d - Repel Missiles                 Charms/Air                   2
   e - Slow                           Hexes                        2
   f - Conjure Flame                  Conjuration/Fire             3
   g - Mephitic Cloud                 Conjuration/Poison/Air       3
Comestibles
 c - 3 bread rations
 j - 7 fruits


   Skills:
 - Level 1.9 Dodging
 - Level 1.8 Stealth
 * Level 6.3 Spellcasting
 + Level 4.2 Conjurations
 + Level 3.7 Air Magic
 - Level 4.7 Poison Magic


You had 12 spell levels left.
You knew the following spells:

 Your Spells              Type           Power        Failure   Level  Hunger
a - Sting                 Conj/Pois      ###.         1%          1    None
b - Mephitic Cloud        Conj/Pois/Air  ###.....     10%         3    ##.....
c - Conjure Flame         Conj/Fire      ##......     17%         3    ##.....


Dungeon Overview and Level Annotations

Branches:
Dungeon (6/15)             Temple (1/1) D:6

Altars:
Ashenzari
Cheibriados
Dithmenos
Elyvilon
Kikubaaqudgha
Makhleb
Nemelex Xobeh
Qazlal
Sif Muna
Uskayaw
Vehumet
Xom
Yredelemnul
Zin

Shops:
D:6 (

Annotations:
D:6 Menkaure


Innate Abilities, Weirdness & Mutations

You have large cloven feet.
You are mostly covered in rugged brown scales. (AC +2, +5% HP)
A weak demonic guardian rushes to your aid.


Message History

Press: ? - help, Dir - move target cursor, p - Menkaure You miscast Conjure Flame.
Your hair stands on end.
You are feeling very hungry.
Menkaure gestures wildly while chanting.
Menkaure calls on the powers of darkness!
Your body is wracked with pain!
* * * LOW HITPOINT WARNING * * *
It was a potion of cancellation.
You feel magically purged.
Your magical contamination has completely faded away.
Menkaure mumbles some strange words.
Menkaure calls on the powers of darkness!
Your body is wracked with pain!
* * * LOW HITPOINT WARNING * * *
Casting: Conjure Flame
Confirm with . or Enter, or press ? or * to list all spells.
You don't know that spell.
You barely miss Menkaure.
Menkaure is almost destroyed.
Menkaure hits you!!
You die...

########.#
###..
#######.#
###..
#.......#
......#
#.#####.#
..###.#
#.# #.#
#.. #.#
#.# #.#
#.# #.#
#..
#.#####.#
###
#...@M..#
#
#.##.....#
#
#.#####..#
. #.# #..#
# #.. ...#
### ##..
###


You could see Menkaure.

Vanquished Creatures
  2 scorpions
  A howler monkey (D:4)
  3 crimson imps (D:6)
  2 hounds
  2 orc wizards (D:6)
  Crazy Yiuf (D:4)
  2 iguanas
  4 worker ants
  A hound zombie (D:6)
  5 adders
  An adder zombie (D:6)
  An adder skeleton (D:6)
  3 worms (D:2)
  4 dart slugs (D:1)
  A leopard gecko (D:3)
  18 orcs
  2 giant cockroaches
  9 goblins
  8 hobgoblins
  3 jackals (D:2)
  10 kobolds
  A quokka (D:2)
  3 ball pythons
  5 bats
  4 frilled lizards
  A jackal skeleton (D:6)
  2 quokka skeletons
  8 rats
107 creatures vanquished.

Vanquished Creatures (collateral kills)
  Grinder (D:6)
  An orc warrior (D:5)
  A sky beast (D:5)
  An ice beast (D:6)
  The ghost of azzavlup the Skirmisher, an amateur DsAK of Lugonu (D:4)
  A centaur (D:5)
  A scorpion (D:4)
  An orc wizard (D:6)
  An adder zombie (D:6)
  A leopard gecko (D:4)
  4 orcs
14 creatures vanquished.

Grand Total: 121 creatures vanquished

Notes
Turn   | Place    | Note
-------+----------+-------------------------------------------
     0 | D:1      | esteth the Demonspawn Venom Mage began the quest for the Orb.
     0 | D:1      | Reached XP level 1. HP: 13/13 MP: 3/3
    73 | D:1      | Gained mutation: A weak demonic guardian rushes to your aid. [demonic ancestry]
    73 | D:1      | Reached XP level 2. HP: 19/19 MP: 1/5
   614 | D:1      | Reached XP level 3. HP: 16/24 MP: 2/6
  1179 | D:2      | Learned a level 3 spell: Mephitic Cloud
  1989 | D:2      | Reached skill level 1 in Conjurations
  2353 | D:3      | Reached XP level 4. HP: 30/30 MP: 5/8
  3283 | D:3      | Reached skill level 3 in Spellcasting
  3718 | D:4      | Reached skill level 1 in Air Magic
  3718 | D:4      | Gained mutation: You are partially covered in rugged brown scales. (AC +1, +3% HP) [demonic ancestry]
  3718 | D:4      | Reached XP level 5. HP: 30/36 MP: 7/10
  3792 | D:4      | Found a snail-covered altar of Cheibriados.
  3794 | D:4      | Found a white marble altar of Elyvilon.
  3802 | D:4      | Found a hide-covered altar of Uskayaw.
  3804 | D:4      | Found a burning altar of Makhleb.
  3804 | D:4      | Found a deep blue altar of Sif Muna.
  3809 | D:4      | Found a stormy altar of Qazlal.
  3828 | D:4      | Found a shattered altar of Ashenzari.
  3904 | D:4      | Noticed azzavlup's ghost (amateur DsAK)
  3949 | D:4      | Killed azzavlup's ghost
  3949 | D:4      | Reached skill level 4 in Spellcasting
  4331 | D:4      | Gained mutation: You are mostly covered in rugged brown scales. (AC +2, +5% HP) [demonic ancestry]
  4331 | D:4      | Reached XP level 6. HP: 28/43 MP: 2/12
  4570 | D:4      | Found a runed door.
  4574 | D:4      | Noticed Crazy Yiuf
  4599 | D:4      | Killed Crazy Yiuf
  4879 | D:5      | Entered Level 5 of the Dungeon
  4884 | D:5      | Noticed a sky beast
  5440 | D:5      | Noticed an orc warrior
  5442 | D:5      | Reached skill level 5 in Spellcasting
  5598 | D:5      | Killed an orc warrior
  5598 | D:5      | Gained mutation: You have large cloven feet. [demonic ancestry]
  5598 | D:5      | Reached XP level 7. HP: 31/48 MP: 7/14
  6181 | D:6      | Found a staircase to the Ecumenical Temple.
  6284 | Temple   | Entered the Ecumenical Temple
  6309 | Temple   | Became a worshipper of Vehumet
  6734 | D:6      | Found Halu's Weapon Emporium.
  6827 | D:6      | Learned a level 3 spell: Conjure Flame
  6869 | D:6      | Reached skill level 6 in Spellcasting
  7152 | D:6      | Noticed Grinder
  7169 | D:6      | Killed Grinder
  7169 | D:6      | Reached XP level 8. HP: 21/54 MP: 8/17
  7290 | D:6      | Noticed Menkaure
  7351 | D:6      | Mangled by Menkaure

Skill      XL: |  1  2  3  4  5  6  7 |
---------------+----------------------+-----
Conjurations   | 1 2 3 4 |  4.2
Spellcasting   | 3 4 5 6 |  6.3
Air Magic      | 1 2 3 |  3.7
Dodging        | |  1.9
Stealth        | |  1.8
Poison Magic   | |  4.7

Action                   |  1- 3 |  4- 6 |  7- 9 || total
-------------------------+-------+-------+-------++-------
Melee: Unarmed           |    13 |    21 |       ||    34
       Quarterstaff      |       |    20 |    50 ||    70
       Trident           |       |     1 |       ||     1
       Kick              |       |       |     8 ||     8
 Cast: Sting             |   129 |   110 |    39 ||   278
       Mephitic Cloud    |     5 |    17 |     8 ||    30
       Conjure Flame     |       |       |     8 ||     8
Evoke: Wand              |       |     2 |       ||     2
  Use: Scroll            |       |    10 |       ||    10
       Potion            |       |     2 |     2 ||     4
 Stab: Confused          |       |     1 |       ||     1
       Paralysed         |       |       |     1 ||     1
  Eat: Chunk             |     1 |     3 |       ||     4
       Bread ration      |     1 |       |     1 ||     2
       Pizza             |       |     3 |       ||     3
       Meat ration       |       |     1 |       ||     1
       Fruit             |       |       |     1 ||     1
Armor: Robe              |    12 |    27 |    25 ||    64
Dodge: Dodged            |    43 |    86 |    46 ||   175
